 Dungeon Crawl Stone Soup version 0.31-a0-702-gf82c85558f (webtiles) character file.

Game seed: 14961624899135183167

711 qw the Skirmisher (level 7, 0/44 HPs)
             Began as a Gargoyle Hunter on Sept 8, 2023.
             Killed from afar by a dart slug (1 damage)
             ... with a slug dart
             ... on level 5 of the Dungeon.
             The game lasted 00:01:35 (3021 turns).

qw the Skirmisher (Gargoyle Hunter)                 Turns: 3021, Time: 00:01:36

Health: 0/44       AC:  6    Str: 15    XL:     7   Next: 68%
Magic:  7/7        EV: 12    Int:  9    God:
Gold:   246        SH:  0    Dex: 15    Spells: 6/6 levels left

rFire   . . .        Y - +1 shortbow
rCold   + . .        (shield currently unavailable)
rNeg    + . .        a - +0 robe {rC+}
rPois   inf          (no helmet)
rElec   +            (no cloak)
rCorr   .            (no gloves)
SInv    +            (no boots)
Will    .....        (no amulet)
Stlth   ++           h - ring of see invisible
HPRegen 0.27/turn    (no ring)
MPRegen 0.10/turn

%: no passive effects
@: no status effects
A: sickness immunity, AC +4, negative energy resistance 1, electricity
resistance, torment resistance 1, petrification resistance
a: no special abilities


You were on level 5 of the Dungeon.
You visited 1 branch of the dungeon, and saw 5 of its levels.

You collected 246 gold pieces.


Innate Abilities, Weirdness & Mutations

You are immune to sickness and miasma.
Your stone body is resilient. (AC +4)
You are immune to poison.
You resist negative energy. (rN+)
You are resistant to electric shocks. (rElec)
You are resistant to unholy torment.
You are immune to petrification.


   Skills:
 + Level 4.7 Fighting
 - Level 8.0 Ranged Weapons
 - Level 1.0 Armour
 - Level 2.0 Dodging
 - Level 1.1 Stealth


You had 6 spell levels left.
You didn't know any spells.
Your spell library was empty.

Inventory:

Hand Weapons
 Y - a +1 shortbow (weapon)
Armour
 a - a +0 robe of cold resistance (worn)
 g - a +0 ring mail
Jewellery
 h - a ring of see invisible (left hand)
 k - a ring of fire
 o - a ring of fire
Scrolls
 f - a scroll of identify
Potions
 b - a potion of enlightenment
 e - a potion of curing
 j - a potion of ambrosia {unknown}
 m - a potion of attraction {unknown}

Dungeon Overview and Level Annotations

Branches:
Dungeon (5/15)
 Temple: D:4-7

Altars:

Shops:
D:2 =


Message History

You shoot an arrow. The arrow barely misses the orc.
Your surroundings suddenly seem different.
You start resting.
A scorpion comes into view.
3010 ||| FLEEEEING.
3011 ||| FLEEEEING.
The orc priest shouts!
You shoot an arrow. The arrow hits the orc priest!
The orc priest is almost dead.
You shoot an arrow.
The arrow hits the orc priest but does no damage.
The orc priest is severely wounded.
The orc priest looks braver for a moment.
You shoot an arrow. The arrow hits the orc priest.
You kill the orc priest!
3015 ||| FLEEEEING.
There is a stone staircase leading up here.
You shoot an arrow. The arrow closely misses the orc.
The orc hits you but does no damage.
You shoot an arrow. The arrow hits the orc.
The orc is moderately wounded.
The orc hits you with a +0 club.
You shoot an arrow. The arrow barely misses the orc.
The scorpion stings you but does no damage.
The orc hits you with a +0 club. The scorpion closely misses you.
You shoot an arrow.
The arrow hits the orc but does no damage.
The orc is moderately wounded.
The orc barely misses you. The orc hits you but does no damage.
The scorpion stings you.
A dart slug comes into view.
You shoot an arrow. The arrow hits the orc.
The orc is heavily wounded.
The scorpion stings you. The orc hits you but does no damage.
The orc barely misses you.
You shoot an arrow. The arrow closely misses the orc.
The scorpion barely misses you. The dart slug launches a dart at you.
The slug dart hits you.
You die...

..#..........#
...#.....w.... ..
............. ...
............# ....
..............# ##....
..##.............##......
....#...)................
...............o.....##
...............s@.....#
#..o........#..o##....#..
...o........###)#.........
....o......###.....#......
..oo....o#)##.....##.#####
....?....#.##....## ..
.....[.o.oo....##### ##
..#.........#.)....##
#......(...##......#


You could see a scorpion, a dart slug and 2 orcs.

Vanquished Creatures
  Sigmund (D:4)
  A black bear (D:4)
  3 hounds (D:4)
  3 orc priests (D:5)
  2 iguanas (D:4)
  2 orc wizards
  3 adders
  A shadow imp (D:5)
  2 ufetubi
  3 worms
  A dart slug (D:1)
  16 orcs
  7 ball pythons
  7 bats
  7 endoplasms
  4 giant cockroaches
  10 goblins
  10 hobgoblins
  2 jackals (D:2)
  4 kobolds
  4 quokkas
  4 frilled lizards
  9 rats
106 creatures vanquished.

Notes
Turn   | Place    | Note
-------+----------+-------------------------------------------
     0 | D:1      | qw the Gargoyle Hunter began the quest for the Orb.
     0 | D:1      | Reached XP level 1. HP: 12/12 MP: 1/1
     0 | D:1      | 0 ||| qw: Version: 0.3-a-76-g4403597
     0 | D:1      | 0 ||| qw: Game counter: 960
     0 | D:1      | 0 ||| qw: Melee chars always use a shield: true
     0 | D:1      | 0 ||| qw: God list: Okawaru
     0 | D:1      | 0 ||| qw: Allow faded altars: false
     0 | D:1      | 0 ||| qw: Do Orc after clearing Dungeon:15 true
     0 | D:1      | 0 ||| qw: Do second Lair branch before Depths: true
     0 | D:1      | 0 ||| qw: Lair rune preference: random
     0 | D:1      | 0 ||| qw: Goals: Normal
     0 | D:1      | 0 ||| PLANNING D:1-11
   161 | D:1      | Reached XP level 2. HP: 17/17 MP: 2/2
   180 | D:1      | HP: 3/17 [ball python (2)]
   695 | D:1      | Reached XP level 3. HP: 21/21 MP: 3/3
   807 | D:1      | 807 ||| UPGRADING to +0 ring mail.
   817 | D:1      | 817 ||| DROPPING +0 leather armour.
   818 | D:1      | 818 ||| READING scroll labelled HOODDI CABUOSH.
   819 | D:1      | 819 ||| READING scroll labelled RASKAE ENWORAR.
   820 | D:1      | 820 ||| READING scroll labelled OZISSI MAITIETT.
   824 | D:1      | 824 ||| READING scroll labelled TAJYTHR HEULIXT.
   825 | D:1      | 825 ||| DRINKING 2 silvery potions.
   826 | D:1      | 826 ||| DROPPING scroll of butterflies.
   855 | D:2      | 855 ||| STAIRDANCE
   863 | D:1      | Reached skill level 1 in Armour
   907 | D:2      | Reached skill level 5 in Ranged Weapons
   916 | D:2      | Found Inyk's Jewellery Emporium.
   923 | D:2      | 923 ||| SHOPLISTING +5 ring of evasion (432 gold, have 87).
   923 | D:2      | 923 ||| SHOPLISTING ring of positive energy (240 gold, have
                  | 87).
   923 | D:2      | 923 ||| SHOPLISTING ring of see invisible (180 gold, have
                  | 87).
   923 | D:2      | 923 ||| SHOPLISTING ring of willpower (300 gold, have 87).
   984 | D:2      | You fall into a shaft and drop 1 floor!
  1062 | D:3      | Found a faded altar of an unknown god.
  1099 | D:3      | Reached XP level 4. HP: 27/27 MP: 4/4
  1103 | D:3      | Reached skill level 3 in Fighting
  1163 | D:3      | 1163 ||| READING scroll labelled OZUTENT EZOME.
  1619 | D:2      | 1619 ||| READING scroll labelled ROERUD LUILIU.
  1620 | D:2      | 1620 ||| READING scroll labelled CYPRAINLAM.
  1621 | D:2      | 1621 ||| READING 3 scrolls of identify.
  1621 | D:2      | 1621 ||| IDENTIFYING fizzy white potion
  1622 | D:2      | 1622 ||| READING 2 scrolls of identify.
  1622 | D:2      | 1622 ||| IDENTIFYING cyan potion
  1714 | D:3      | Reached XP level 5. HP: 32/32 MP: 5/5
  1995 | D:3      | Reached skill level 6 in Ranged Weapons
  2146 | D:3      | 2146 ||| UPGRADING to +0 robe of cold resistance.
  2156 | D:3      | 2156 ||| UPGRADING to ring of see invisible.
  2167 | D:4      | Noticed a black bear
  2175 | D:4      | Killed a black bear
  2176 | D:4      | Reached XP level 6. HP: 33/39 MP: 6/6
  2337 | D:4      | Noticed Sigmund
  2359 | D:4      | HP: 8/39 [Sigmund/magic dart (9)]
  2360 | D:4      | 2360 ||| READING scroll of teleportation.
  2361 | D:4      | 2361 ||| DRINKING potion of heal wounds.
  2576 | D:4      | 2576 ||| DRINKING 2 potions of curing.
  2576 | D:4      | 2576 ||| (to cure confusion)
  2578 | D:4      | 2578 ||| Stepping ~*~*~tactically~*~*~ (retreating).
  2580 | D:4      | Killed Sigmund
  2581 | D:4      | Reached skill level 7 in Ranged Weapons
  2581 | D:4      | Reached XP level 7. HP: 44/44 MP: 7/7
  2890 | D:4      | 2890 ||| READING scroll labelled VOZOST NEXA.
  2922 | D:4      | 2922 ||| READING scroll labelled LEUNWE RIKA.
  2923 | D:4      | 2923 ||| READING scroll labelled DURAONY ILY.
  2924 | D:4      | 2924 ||| READING 2 scrolls of identify.
  2924 | D:4      | 2924 ||| IDENTIFYING smoky grey potion
  2925 | D:4      | 2925 ||| DROPPING potion of degeneration.
  2945 | D:5      | Entered Level 5 of the Dungeon
  2982 | D:5      | 2982 ||| RETREATING.
  2983 | D:5      | 2983 ||| Stepping ~*~*~tactically~*~*~ (retreating).
  2984 | D:5      | 2984 ||| Stepping ~*~*~tactically~*~*~ (retreating).
  2985 | D:5      | 2985 ||| Stepping ~*~*~tactically~*~*~ (retreating).
  2986 | D:5      | 2986 ||| Stepping ~*~*~tactically~*~*~ (retreating).
  2989 | D:5      | 2989 ||| Stepping ~*~*~tactically~*~*~ (outnumbered).
  2999 | D:5      | HP: 10/44 [orc priest/divine providence (12)]
  3000 | D:5      | 3000 ||| READING scroll of teleportation.
  3003 | D:5      | Reached skill level 8 in Ranged Weapons
  3010 | D:5      | 3010 ||| FLEEEEING.
  3011 | D:5      | 3011 ||| FLEEEEING.
  3015 | D:5      | 3015 ||| FLEEEEING.
  3017 | D:5      | HP: 10/44 [orc/+0 club (2)]
  3019 | D:5      | HP: 2/44 [scorpion (5)]
  3021 | D:5      | Killed from afar by a dart slug

Levels and vault maps discovered:
D:1:      grunt_arrival_crossed_arrows, layout_loops_ring, supply_closet_lemuel,
          minmay_misc_feat_enclosed, kennysheep_nondescript,
          minmay_split_cup_small
D:2:      kennysheep_big_flooded_room, layout_basic, serial_shops, shop
D:3:      layout_basic, dreamdust_ecumenical_altar_hidden_monk_grotto
D:4:      layout_cave_pools, uniq_sigmund
D:5:      layout_cave_pools, minmay_temple_entry_wispy, serial_shops,
          nicolae_shop_back_alley_shop, uniq_crazy_yiuf_cottage

Skill      XL: |  1  2  3  4  5  6  7 |
---------------+----------------------+-----
Armour         | 1 |  1.0
Ranged Weapons | 5 6 7 8 |  8.0
Fighting       | 3 4 |  4.7
Dodging        | 2 |  2.0
Stealth        | |  1.1

Action                     |  1- 3 |  4- 6 |  7- 9 || total
---------------------------+-------+-------+-------++-------
   Fire: Shortbow          |   116 |   242 |    45 ||   403
    Use: Scroll            |     4 |     6 |     5 ||    15
         Potion            |     1 |     2 |       ||     3
 Armour: Leather armour    |    26 |       |       ||    26
         Ring mail         |    20 |    36 |       ||    56
         Robe              |       |    65 |    28 ||    93
  Dodge: Dodged            |    39 |   101 |    28 ||   168

Table legend:
 A = Non-vault XP
 B = Vault XP
 C = Vault XP percentage of total XP
 D = Non-vault monster count
 E = Vault monster count
 F = Vault count percentage of total count
                 A         B        C        D         E       F
            +---------+---------+-------+---------+---------+-------
      Total |     767 |     250 |  24.6 |     100 |       6 |   5.7
            +---------+---------+-------+---------+---------+-------
        D:1 |      43 |       5 |  10.4 |      17 |       3 |  15.0
        D:2 |      61 |       2 |   3.2 |      28 |       2 |   6.7
        D:3 |     104 |       0 |   0.0 |      26 |       0 |   0.0
        D:4 |     413 |     243 |  37.0 |      23 |       1 |   4.2
        D:5 |     146 |       0 |   0.0 |       6 |       0 |   0.0
            +---------+---------+-------+---------+---------+-------
